 Dungeon Sprint DCSS version 0.18.1-50-g88ac8fd (webtiles) character file.

1057 Kagutsuchi the Fighter (level 8, -5/82 HPs)
             Began as a White Draconian Berserker on Oct 22, 2016.
             Was a Priest of Trog.
             Slain by a flying skull (13 damage)
             ... in the Dungeon (Sprint II: "The Violet Keep of Menkaure").
             The game lasted 00:04:20 (550 turns).

Kagutsuchi the Fighter (White Draconian Berserker)   Turns: 550, Time: 00:04:21

Health: -5/82      AC:  6    Str: 22    XL:     8   Next: 6%
Magic:  8/8        EV: 16    Int:  7    God:    Trog [***...]
Gold:   292        SH:  0    Dex: 11    Spells: 0 memorised, 7 levels left

rFire  . . .     SeeInvis .     j - +0 long sword (elec)
rCold  + . .     Gourm    .     (armour unavailable)
rNeg   . . .     Faith    .     (no shield)
rPois  .         Spirit   .     (helmet restricted)
rElec  .         Dismiss  .     (no cloak)
rCorr  .         Reflect  .     (no gloves)
SustAt .         Harm     .     (no boots)
MR     .....     NoTele   +     (no amulet)
Stlth  +.........               (no ring)
                                (no ring)

@: lethally poisoned (-5 -> -14), short of breath, not resistant to hostile
enchantments, very unstealthy
A: breathe frost, unfitting armour, cold resistance 1, cold-blooded, AC +6
a: Breathe Frost, Berserk, Trog's Hand, Burn Spellbooks, Renounce Religion


You were in the Dungeon.
You worshipped Trog.
Trog was most pleased with you.
You were full.

You visited 1 branch You collected 729 gold pieces.
You spent 437 gold pieces at shops.

Inventory:

Hand Weapons
 a - a +0 falchion
 j - a +0 long sword of electrocution (weapon)
Scrolls
 h - a scroll of blinking
Potions
 c - 3 potions of curing
 e - a potion of haste
 f - 2 potions of magic
 g - a potion of berserk rage
 i - 3 potions of heal wounds
Comestibles
 d - a meat ration


   Skills:
 + Level 11.5 Fighting
 + Level 10.5 Long Blades
 + Level 9.9 Dodging


You had 7 spell levels left.
You didn't know any spells.

Dungeon Overview and Level Annotations

Branches:
Dungeon (1/1)

Altars:

Shops:
D :=::!=?(%}!?%[[}

Annotations:
D exclusion: oklob plant


Innate Abilities, Weirdness & Mutations

You can breathe waves of freezing cold.
You can buffet flying creatures when you breathe cold.
Your icy white scales are hard (AC +6).
Your body does not fit into most forms of armour.
Your flesh is cold resistant.
You are cold-blooded and may be slowed by cold attacks.


Message History

A flying skull comes into view.
Your unstable footing causes you to fumble your attack.
* * * LOW HITPOINT WARNING * * *
You feel sick.
The flying skull gives a hideous shriek!
The flying skull moves out of view.
The flying skull hits you.
* * * LOW HITPOINT WARNING * * *
The flying skull completely misses you. The scorpion misses you.
A flying skull comes into view.
Your unstable footing causes you to fumble your attack.
* * * LOW HITPOINT WARNING * * *
You feel sick.
The flying skull gives a hideous shriek!
The flying skull closely misses you. The flying skull misses you.
You barely miss the flying skull.
* * * LOW HITPOINT WARNING * * *
You feel sick. The flying skull hits you.
* * * LOW HITPOINT WARNING * * *
The flying skull hits you!
You die...

##.∩...∩.∩#≈≈≈≈#.###.#
##∩.∩.∩.∩.#≈≈####.#.# ##
##.∩.∩.∩..#≈##.###†###.##
##..∩.∩...#≈#...##.##...#
##...⌠....÷≈'.##†.<.')#.+
##........#≈#...##.##...#
#▓▓▓▓▓▓▓###≈##.###+###.##
##?FF######≈z### ##
#(.Z#a ##@zz# #∩P!+a.
#s#z# #[$. #?#§z# #$.)
###


≈zz §§z#§ z§§§ ≈§§§ You could see 8 flying skulls and a scorpion.

Vanquished Creatures
  A siren (D)
  2 hippogriffs (D)
  Menkaure (D)
  4 necrophages (D)
  A crocodile (D)
9 creatures vanquished.

Vanquished Creatures (others)
  A crocodile (D)
  2 worker ants (D)
3 creatures vanquished.

Grand Total: 12 creatures vanquished

Notes
Turn   | Place    | Note
--------------------------------------------------------------
     0 | D        | Kagutsuchi the Draconian Berserker began the quest for the Orb.
     0 | D        | Reached XP level 1. HP: 19/19 MP: 1/1
     1 | D        | Noticed a necrophage
     1 | D        | Noticed a necrophage
     1 | D        | Noticed a necrophage
     1 | D        | Noticed a necrophage
     5 | D        | Killed a necrophage
     5 | D        | Reached skill level 6 in Fighting
     5 | D        | Reached skill level 5 in Long Blades
     5 | D        | Reached skill level 5 in Dodging
     5 | D        | Reached XP level 2. HP: 31/31 MP: 2/2
     5 | D        | Reached XP level 3. HP: 38/38 MP: 3/3
     5 | D        | Reached XP level 4. HP: 45/45 MP: 4/4
    12 | D        | Killed a necrophage
    12 | D        | Reached skill level 7 in Fighting
    12 | D        | Reached XP level 5. HP: 53/53 MP: 5/5
    15 | D        | Killed a necrophage
    15 | D        | Reached skill level 8 in Fighting
    18 | D        | Killed a necrophage
    18 | D        | Reached skill level 9 in Fighting
    18 | D        | Reached XP level 6. HP: 63/63 MP: 6/6
    63 | D        | Noticed a siren
    74 | D        | Killed a siren
    74 | D        | Reached ** piety under Trog
    74 | D        | Reached skill level 10 in Fighting
    74 | D        | Your scales start taking on an icy white colour.
    74 | D        | Reached XP level 7. HP: 73/73 MP: 7/7
    74 | D        | Gained mutation: Your flesh is cold resistant. [White Draconian growth]
   105 | D        | Noticed a hippogriff
   105 | D        | Noticed a hippogriff
   113 | D        | Killed a hippogriff
   113 | D        | Reached skill level 11 in Fighting
   113 | D        | Reached skill level 10 in Long Blades
   130 | D        | Killed a hippogriff
   143 | D        | Found Gudwetta's Gadget Emporium.
   143 | D        | Found Qetiarux's Magic Scroll Emporium.
   143 | D        | Found Decsis's Antique Armour Emporium.
   143 | D        | Found Loosch's Food Shoppe.
   143 | D        | Found Ceon Jycs's Distillery.
   143 | D        | Noticed Menkaure
   144 | D        | Found Xuwyseko's Antique Weapon Shoppe.
   144 | D        | Found Vacsaux's Gadget Emporium.
   144 | D        | Found Atoetao's Food Shoppe.
   144 | D        | Found Tan Guan's Antique Armour Shoppe.
   145 | D        | Found Keliub's Magic Scroll Shoppe.
   145 | D        | Found Luod Xaet's Jewellery Emporium.
   145 | D        | Noticed a spiny frog
   146 | D        | Killed Menkaure
   147 | D        | Found Qeym Daro's Distillery.
   147 | D        | Found Zeobleve's Book Shoppe.
   147 | D        | Noticed a spiny frog
   147 | D        | Noticed an oklob plant
   148 | D        | Found Mokhes's Jewellery Shoppe.
   148 | D        | Found Goehet's Book Shoppe.
   148 | D        | Found Datux's Book Emporium.
   156 | D        | Bought a slice of pizza for 16 gold pieces
   156 | D        | Bought a meat ration for 55 gold pieces
   164 | D        | Bought a potion of heal wounds for 70 gold pieces
   164 | D        | Bought 2 potions of heal wounds for 140 gold pieces
   168 | D        | Bought a glowing long sword for 84 gold pieces
   170 | D        | Bought a potion of curing for 36 gold pieces
   170 | D        | Bought a potion of curing for 36 gold pieces
   186 | D        | Reached *** piety under Trog
   186 | D        | Reached XP level 8. HP: 28/82 MP: 8/8
   532 | D        | Noticed a flying skull
   532 | D        | Noticed a flying skull
   533 | D        | Noticed a flying skull
   533 | D        | Noticed a flying skull
   534 | D        | Noticed a flying skull
   536 | D        | Noticed a flying skull
   537 | D        | Noticed a flying skull
   538 | D        | Noticed a flying skull
   538 | D        | Noticed a flying skull
   541 | D        | Noticed a flying skull
   548 | D        | Noticed a flying skull
   549 | D        | Noticed a flying skull
   550 | D        | Slain by a flying skull

Skill      XL: |  1  2  3  4  5  6  7 |
---------------+----------------------+-----
Fighting       | 6 7 9 10 11 | 11.5
Long Blades    | 5 6 8 9 10 | 10.5
Dodging        | 5 6 7 8 9 |  9.9

Action                   |  1- 3 |  4- 6 |  7- 9 || total
-------------------------+-------+-------+-------++-------
Melee: Falchion          |     3 |    21 |    23 ||    47
       Tailslap          |       |     6 |     6 ||    12
       Long sword        |       |       |    22 ||    22
Invok: Berserk           |     1 |     1 |       ||     2
 Abil: Breathe Frost     |       |       |     1 ||     1
  Use: Potion            |       |       |     1 ||     1
  Eat: Bread ration      |       |     1 |       ||     1
       Pizza             |       |       |     1 ||     1
Armor: Skin              |       |     2 |    16 ||    18
Dodge: Dodged            |     1 |     8 |    66 ||    75
